 Dungeon Crawl Stone Soup version 0.31-a0-846-gb3bcc0d938 (webtiles) character file.

Game seed: 10881807517028888331

955 demibob the Grappler (level 7, 0/99 HPs)
             Began as a Troll Chaos Knight on Oct 3, 2023.
             Was a Follower of Okawaru.
             Slain by an orc
             ... wielding a +0 club
              (2 damage)
             ... on level 6 of the Dungeon.
             The game lasted 00:05:21 (4270 turns).

demibob the Grappler (Troll Chaos Knight)           Turns: 4270, Time: 00:05:23

Health: 0/99       AC:  8    Str: 17    XL:     7   Next: 91%
Magic:  6/6        EV:  9    Int: 16    God:    Okawaru [*.....]
Gold:   999        SH:  0    Dex:  9    Spells: 6/6 levels left

rFire   . .          .
                       - Unarmed
rCold   . . .        (no shield)
rNeg    . . .        a - +2 robe
rPois   +            (helmet restricted)
rElec   .            k - +1 cloak {rCorr}
rCorr   +            (gloves unavailable)
SInv    .            (boots unavailable)
Will    .....        (no amulet) Stlth
                     (no ring)
HPRegen 1.16/turn    (no ring)
MPRegen 0.10/turn

%: no passive effects
@: berserking, very quick
A: large, unfitting armour, claws 3, regeneration 1, shaggy fur 1, tough skin 1,
clever 2, poison resistance, weak 1, subdued magic 1
a: Renounce Religion, Heroism


You were on level 6 of the Dungeon.
You worshipped Okawaru.
Okawaru was aware of your devotion.
You visited 1 branch of the dungeon, and saw 6 of its levels.
You also visited: Ossuary.

You collected 1230 gold pieces.
You spent 231 gold pieces at shops.


Innate Abilities, Weirdness & Mutations

You are too large for most types of armour.
You have claws for hands.
Your natural rate of healing is unusually fast.
You are covered in fur. (AC +1)
You have tough skin. (AC +1)
Your mind is very acute. (Int +8, Str/Dex -2)
Your system is resistant to poisons. (rPois)
You are weak. (Str -2)
Your spells are a little easier to cast, but a little less powerful.


   Skills:
 - Level 2.4 Fighting
 - Level 1.9 Dodging
 + Level 9.6 Unarmed Combat


You had 6 spell levels left.
You didn't know any spells.
Your spell library contained the following spells:

 Spells                   Type           Power      Damage    Failure   Level
 Lesser Beckoning         Tloc           0%         N/A       32%         2
 Sublimation of Blood     Necr           0%         N/A       32%         2
 Wereblood                Tmut           0%         N/A       32%         2
 Gell's Gravitas          Tloc           0%         N/A       54%         3
 Ignite Poison            Fire/Tmut/Pois 0%         N/A       54%         3
 Teleport Other           Tloc           0%         N/A       54%         3
 Sticky Flame             Conj/Fire      0%         2d3       92%         4
 Ignition                 Fire           0%         3d3       100%        8
 Summon Hydra             Summ           Unusable   N/A       N/A         7

Inventory:

Armour
 a - a +2 robe (worn)
 k - a +1 cloak of preservation (worn)
 l - a +2 hat
Wands
 c - a wand of roots (12)
 g - a wand of digging (1)
 i - a wand of flame (29)
Scrolls
 b - a scroll of butterflies
Potions
 d - a potion of lignification
 e - a potion of mutation {unknown}
 f - 2 potions of enlightenment
 h - 4 potions of heal wounds {@q2}
 o - 2 potions of invisibility
 p - 2 potions of degeneration
 q - 2 potions of might
 r - 2 potions of brilliance

Dungeon Overview and Level Annotations

Branches:
Dungeon (6/15)             Temple (0/1) D:5         Ossuary (visited)

Altars:
Dithmenos
Gozag
Okawaru
Zin

Shops:
D:4 [ D:5

? ## .. ###.
.#
..z###.#####
#.........
#.z. ...#.#.
#...#.......
#..#<# .#
#.o.#...#
#.@.....#
#o......#
#....#####
#.#### #. ..
##


You could see an orc warrior, 2 wights and an orc.


Message History

You claw the orc warrior!
The orc warrior is heavily wounded.
The orc warrior hits you with a +3 glaive of flaming.
* * * LOW HITPOINT WARNING * * *
The orc warrior burns you.
* * * LOW HITPOINT WARNING * * *
Unknown command.
A red film seems to cover your vision as you go berserk!
You feel yourself moving faster!
You feel mighty!
A wight comes into view. It is wielding a +0 falchion.
The orc warrior hits you with a +3 glaive of flaming!
* * * LOW HITPOINT WARNING * * *
The orc warrior burns you.
* * * LOW HITPOINT WARNING * * *
The orc hits you but does no damage.
You barely miss the orc warrior.
The orc warrior is heavily wounded.
The orc warrior hits you with a +3 glaive of flaming!
* * * LOW HITPOINT WARNING * * *
The orc warrior burns you.
* * * LOW HITPOINT WARNING * * *
A wight comes into view. It is wielding a +0 flail.
You claw the orc warrior!
The orc warrior is almost dead.
The orc barely misses you.
You closely miss the orc warrior.
The orc warrior is almost dead.
The orc warrior barely misses you. The orc hits you with a +0 club.
You die...
Xom chuckles heartily!

Skill      XL: |  1  2  3  4  5  6  7 |
---------------+----------------------+-----
Unarmed Combat | 4 5 6 8 9 |  9.6
Fighting       | |  2.4
Dodging        | |  1.9

Action                     |  1- 3 |  4- 6 |  7- 9 || total
---------------------------+-------+-------+-------++-------
  Melee: Unarmed           |   100 |   100 |   120 ||   320
         Punch             |     4 |     2 |     2 ||     8
    Use: Scroll            |     6 |     2 |     5 ||    13
         Potion            |       |       |     1 ||     1
   Stab: Sleeping          |       |     1 |       ||     1
 Armour: Robe              |    53 |    53 |    88 ||   194
  Dodge: Dodged            |    37 |    37 |    54 ||   128

Levels and vault maps discovered:
D:1:      denvon_arrival_planthouse, layout_loops_corners
D:2:      layout_loops_ring
D:3:      layout_loops_ring, serial_rivers, chequers_serial_rivers_large_b,
          chequers_serial_rivers_small_a, chequers_serial_rivers_micro_b,
          chequers_serial_rivers_marsh, chequers_serial_rivers_micro_c,
          chequers_serial_rivers_micro_a, uniq_ijyb, uniq_terence, uniq_jessica
D:4:      layout_loops_ring, amcnicky_altar_gilded, serial_shops, shop
D:5:      layout_loops_ring, pdpol_temple_overflow_zin_treasury_gozag_greed,
          mainiacjoe_overflow_cross_hatched, minmay_temple_entry_glassed_door,
          enter_ossuary_4, serial_shops, kennysheep_little_box
D:6:      layout_basic, minmay_strange_pillars, hangedman_decor_diamond_cutter,
          st_stairs_14

Notes
Turn   | Place    | Note
-------+----------+-------------------------------------------
     0 | D:1      | demibob the Troll Chaos Knight began the quest for the Orb.
     0 | D:1      | Reached XP level 1. HP: 22/22 MP: 0/0
   190 | D:1      | XOM: silly message
   305 | D:1      | XOM: silly message
   390 | D:1      | Reached XP level 2. HP: 29/29 MP: 1/1
   392 | D:1      | XOM: divination: magic mapping
   570 | D:1      | XOM: silly message
   883 | D:1      | Identified a scroll of acquirement
   883 | D:1      | Acquired 901 gold pieces
   899 | D:1      | XOM: silly message
   906 | D:1      | XOM: cloud trail
   951 | D:2      | Reached skill level 4 in Unarmed Combat
  1250 | D:2      | Reached XP level 3. HP: 36/36 MP: 2/2
  1289 | D:2      | XOM: divination: detect creatures
  1810 | D:3      | Noticed Terence
  1818 | D:3      | Killed Terence
  1985 | D:3      | Noticed Ijyb
  2005 | D:3      | Killed Ijyb
  2006 | D:3      | Reached skill level 5 in Unarmed Combat
  2006 | D:3      | Reached XP level 4. HP: 41/44 MP: 3/3
  2036 | D:3      | XOM is BORED!
  2036 | D:3      | XOM: give mutations
  2036 | D:3      | Gained mutation: Your mind is acute. (Int +4, Str/Dex -1)
                  | [Xom's mischief]
  2036 | D:3      | Gained mutation: You are weak. (Str -2) [Xom's mischief]
  2036 | D:3      | Gained mutation: Your spells are a little easier to cast,
                  | but a little less powerful. [Xom's mischief]
  2260 | D:3      | Noticed Jessica
  2266 | D:3      | Killed Jessica
  2358 | D:3      | XOM: 3-stop teleportation journey
  2503 | D:4      | XOM: summons friendly quasit
  2509 | D:4      | Reached XP level 5. HP: 42/50 MP: 4/4
  2538 | D:4      | XOM: 2-stop teleportation journey
  2630 | D:4      | Reached skill level 6 in Unarmed Combat
  2676 | D:4      | Found an iron altar of Okawaru.
  2714 | D:4      | Found Zibb's Armour Emporium.
  2718 | D:4      | Bought a +1 cloak of preservation for 165 gold pieces
  2884 | D:4      | Reached XP level 6. HP: 58/59 MP: 5/5
  2923 | D:4      | Reached skill level 7 in Unarmed Combat
  3009 | D:4      | XOM: give mutations
  3009 | D:4      | Gained mutation: Your mind is very acute. (Int +8, Str/Dex
                  | -2) [Xom's grace]
  3009 | D:4      | Gained mutation: Your system is resistant to poisons.
                  | (rPois) [Xom's grace]
  3262 | D:4      | Fell from the grace of Xom
  3262 | D:4      | Became a worshipper of Warmaster Okawaru
  3307 | D:5      | Entered Level 5 of the Dungeon
  3321 | D:5      | Found an opulent altar of Gozag.
  3410 | D:5      | Found Nusoot's Magic Scroll Boutique.
  3424 | D:5      | Bought a scroll of identify for 22 gold pieces
  3424 | D:5      | Bought a scroll of identify for 22 gold pieces
  3424 | D:5      | Bought a scroll of identify for 22 gold pieces
  3513 | D:5      | Found a shadowy altar of Dithmenos.
  3561 | D:5      | Noticed an ice beast
  3566 | D:5      | Killed an ice beast
  3567 | D:5      | Reached skill level 8 in Unarmed Combat
  3567 | D:5      | Reached XP level 7. HP: 66/66 MP: 6/6
  3703 | D:5      | Found a staircase to the Ecumenical Temple.
  3744 | D:5      | Found a sand-covered staircase.
  3751 | Ossuary  | XOM: noise
  3751 | Ossuary  | Entered an ossuary
  3803 | Ossuary  | Reached * piety under Okawaru
  3813 | Ossuary  | Reached skill level 9 in Unarmed Combat
  4127 | D:5      | Found a glowing silver altar of Zin.
  4268 | D:6      | HP: 5/99 [orc warrior/+3 glaive of flaming (8)]
  4268 | D:6      | HP: 1/99 [orc warrior/+3 glaive of flaming (4)]
  4270 | D:6      | Slain by an orc

Vanquished Creatures
  An ice beast (D:5)
  A phantom (D:5)
  An elf zombie (Ossuary)
  2 scorpions (D:4)
  2 centaur zombies (Ossuary)
  A jelly (D:5)
  2 hounds
  Jessica (D:3)
  6 orc wizards
  Ijyb (D:3)
  Terence (D:3)
  3 iguanas (D:5)
  2 mummies (Ossuary)
  2 adders
  2 shadow imps (D:5)
  An ufetubus (D:4)
  An adder zombie (Ossuary)
  4 dart slugs
  7 orcs
  2 ball pythons
  7 endoplasms
  3 giant cockroaches
  4 goblins
  6 hobgoblins
  3 bats
  A frilled lizard (D:1)
  2 goblin zombies (Ossuary)
  10 hobgoblin zombies (Ossuary)
  6 kobolds
  6 kobold zombies (Ossuary)
  10 orc zombies (Ossuary)
  2 quokka zombies (D:5)
  5 rats
  4 rat zombies (Ossuary)
112 creatures vanquished.

Table legend: (Time is in decaauts)
 A = Elapsed time spent in this place.
 B = Non-inter-level travel time spent in this place.
 C = Inter-level travel time spent in this place.
 D = Time resting spent in this place.
 E = Time spent auto-exploring this place.
 F = Levels seen in this place.
 G = Mean time per level.
                   A        B        C        D        E       F      G
               +--------+--------+--------+--------+--------+-----+--------+
         Total |   4228 |   4036 |    192 |     13 |   3352 |   7 |  604.0 |
       Dungeon |   4015 |   3823 |    192 |     13 |   3244 |   6 |  669.2 |
       Ossuary |    213 |    213 |      0 |      0 |    108 |   1 |  213.0 |
               +--------+--------+--------+--------+--------+-----+--------+

Top non-repeatable levels by time:
     D:1: 922 daAuts
     D:4: 921 daAuts
     D:2: 734 daAuts
     D:5: 716 daAuts
     D:3: 713 daAuts
 Ossuary: 213 daAuts
     D:6: 7 daAuts

Table legend:
 A = Non-vault XP
 B = Vault XP
 C = Vault XP percentage of total XP
 D = Non-vault monster count
 E = Vault monster count
 F = Vault count percentage of total count
                 A         B        C        D         E       F
            +---------+---------+-------+---------+---------+-------
      Total |     990 |     375 |  27.5 |      69 |      43 |  38.4
            +---------+---------+-------+---------+---------+-------
        D:1 |      22 |       0 |   0.0 |      12 |       0 |   0.0
        D:2 |      25 |       0 |   0.0 |      14 |       0 |   0.0
        D:3 |      10 |     109 |  91.6 |       5 |       3 |  37.5
        D:4 |     292 |       0 |   0.0 |      19 |       0 |   0.0
        D:5 |     641 |       2 |   0.3 |      19 |       2 |   9.5
    Ossuary |       0 |     264 | 100.0 |       0 |      38 | 100.0
            +---------+---------+-------+---------+---------+-------
